 Dungeon Crawl Stone Soup version 0.28.0-45-g0d030f2227 (webtiles) character file.

Game seed: 16396695673021776078

150 jimonade the Covert (level 5, -2/31 HPs)
             Began as a Kobold Brigand on Apr 6, 2022.
             Killed from afar by an orc wizard (12 damage)
             ... with a magic dart
             ... on level 3 of the Dungeon.
             The game lasted 00:05:38 (2690 turns).

jimonade the Covert (Kobold Brigand)                Turns: 2690, Time: 00:05:39

Health: -2/31      AC:  3    Str: 11    XL:     5   Next: 58%
Magic:  5/5        EV: 14    Int: 12    God:
Gold:   96         SH:  0    Dex: 16    Spells: 4/4 levels left

rFire   . . .      SeeInvis .   a - +2 dagger
rCold   . . .      Faith    .   (no shield)
rNeg    . . .      Spirit   .   b - +0 robe
rPois   .          Reflect  .   (no helmet)
rElec   .          Harm     .   c - +0 cloak
rCorr   .          Rampage  .   (no gloves)
Will    .....                   (no boots)
Stlth   +++.......              (no amulet)
HPRegen 0.10/turn               j - ring of wizardry
MPRegen 0.09/turn               (no ring)

@: confused
A: small, no large weapons, nightstalker 3
a: no special abilities


You were on level 3 of the Dungeon.
You visited 1 branch of the dungeon, and saw 3 of its levels.

You collected 96 gold pieces.

Inventory:

Hand Weapons
 a - a +2 dagger (weapon)
 l - a +0 spear
Missiles
 d - 9 poisoned darts (quivered)
 e - 2 curare-tipped darts
 o - 38 stones
Armour
 b - a +0 robe (worn)
 c - a +0 cloak (worn)
 m - a +0 chain mail
 r - a +0 leather armour
Jewellery
 j - a ring of wizardry (left hand)
 v - a ring of see invisible
Wands
 q - a wand of flame (18)
Scrolls
 f - 2 scrolls of teleportation {unknown}
 h - 2 scrolls of fog {unknown}
 i - a scroll of immolation {unknown}
 k - a scroll of enchant armour {unknown}
 n - a scroll of enchant weapon {unknown}
 s - a scroll of identify {unknown}
Potions
 g - 3 potions of lignification {unknown}
 p - a potion of curing {unknown}
 t - a potion of mutation {unknown}
 u - a potion of attraction {unknown}


   Skills:
 * Level 2.5 Fighting
 + Level 3.1 Short Blades
 + Level 2.2 Throwing
 + Level 1.4 Dodging
 * Level 8.5 Stealth


You had 4 spell levels left.
You didn't know any spells.
Your spell library was empty.

Dungeon Overview and Level Annotations

Branches:
Dungeon (3/15)

Altars:
Elyvilon


Innate Abilities, Weirdness & Mutations

You are small and have problems with some larger weapons.
You are completely attuned to the shadows.


Message History

You kill the orc!
Something hits you.
You closely miss something.
You hear some strange, mumbled words.
A magic dart appears from out of thin air!
The magic dart hits you!
You closely miss something.
You hear some strange, mumbled words.
You are confused.
You throw a poisoned dart.
You hear some strange, mumbled words.
You are more confused.
Unknown command.
Unknown command.
You bump into the rock wall.
You hear some strange, mumbled words.
Something tries to affect you, but you resist.
You bump into the rock wall.
Something hits you but does no damage.
You closely miss something. Something hits you.
You bump into the rock wall.
You closely miss something. Something hits you but does no damage.
Something hits you.
You bump into the rock wall.
Something hits you but does no damage.
You feel less confused.
You hear some strange, mumbled words.
Something tries to affect you, but you resist.
Something barely misses you. Something hits you but does no damage.
A magic dart appears from out of thin air!
The magic dart hits you.
You hear some strange, mumbled words.
Something tries to affect you, but you resist.
Something hits you. Something hits you.
You hear some strange, mumbled words.
You are confused.
You hear some strange, mumbled words.
A magic dart appears from out of thin air!
The magic dart hits you!
You die...

.#.####.#####......# .#.# #.#
#...>..# ########### .#.####.#
#..<...# #.........# .#......#
#......# #.........#
.#.####.#####......####.........#
.#.####.....#...................#
............+..........†....#####
##.####.....#..###..........#####
...............{@...........'>##.
............................#.##.
.......######.####..........#.#<.
.......# #(# #..........#....
######## #.# ####..#####.....
#)##### ##.## #..... #.....# #..#
#..... #(###.# ##.#####+##' #.#
#.# #..##......


There were no monsters in sight!

Vanquished Creatures
  A necrophage (D:2)
  A gnoll (D:1)
  2 orcs (D:3)
  5 ball pythons
  2 bats
  7 endoplasms
  3 giant cockroaches
  4 goblins
  3 hobgoblins
  4 quokkas
  A frilled lizard (D:1)
  4 kobolds
  7 rats
44 creatures vanquished.

Notes
Turn   | Place    | Note
-------+----------+-------------------------------------------
     0 | D:1      | jimonade the Kobold Brigand began the quest for the Orb.
     0 | D:1      | Reached XP level 1. HP: 12/12 MP: 1/1
    67 | D:1      | Reached XP level 2. HP: 9/18 MP: 2/2
   382 | D:1      | Reached skill level 6 in Stealth
   568 | D:1      | Reached XP level 3. HP: 22/22 MP: 3/3
  1465 | D:2      | Found a faded altar of an unknown god.
  1584 | D:2      | Noticed a necrophage
  1613 | D:2      | Reached skill level 7 in Stealth
  1613 | D:2      | Reached XP level 4. HP: 18/27 MP: 4/4
  1941 | D:2      | Killed a necrophage
  1942 | D:2      | Reached skill level 8 in Stealth
  1942 | D:2      | Reached XP level 5. HP: 31/31 MP: 5/5
  2458 | D:3      | Found a white marble altar of Elyvilon.
  2690 | D:3      | Killed from afar by an orc wizard

Illustrated notes

Levels and vault maps discovered:
D:1:      lightli_arrival_noodles, layout_basic, chequers_serial_rivers_micro_d
D:2:      layout_loops_ring, dreamdust_ecumenical_altar_grove
D:3:      layout_basic, mainiacjoe_overflow_24_doors, general_overflow_altar,
          serial_bayou_lagoon_a

Skill      XL: |  1  2  3  4 |
---------------+-------------+-----
Stealth        | 6 7 8 |  8.5
Short Blades   | 3 |  3.1
Fighting       | |  2.5
Throwing       | |  2.2
Dodging        | |  1.4

Action                   |  1- 3 |  4- 6 || total
-------------------------+-------+-------++-------
Melee: Dagger            |    64 |    29 ||    93
Throw: Dart              |     4 |     4 ||     8
 Stab: Sleeping          |    21 |     4 ||    25
       Distracted        |       |     1 ||     1
Armor: Robe              |     3 |     9 ||    12
Dodge: Dodged            |    24 |    12 ||    36
